 Dungeon Crawl Stone Soup version 0.30-a0-972-gf3ab3527aa (webtiles) character file.

Game seed: 10845514630944749922

66 retardedninja the Covered (level 3, -4/33 HPs)
             Began as an Armataur Fighter on Mar 31, 2023.
             Slain by Edmund
             ... wielding a +5 flail of venom
              (12 damage)
             ... on level 4 of the Dungeon.
             The game lasted 00:02:03 (2517 turns).

retardedninja the Covered (Armataur Fighter)        Turns: 2517, Time: 00:02:03

Health: -4/33      AC:  7    Str: 21    XL:     3   Next: 96%
Magic:  3/3        EV:  7    Int:  8    God:
Gold:   165        SH:  4    Dex: 11    Spells: 2/2 levels left

rFire   . . .      SeeInvis .    a - +0 long sword
rCold   . . .      Faith    .    c - +0 buckler
rNeg    . . .      Spirit   .    b - +0 scale mail
rPois   .          Reflect  .    (no helmet)
rElec   .          Roll     +    (no cloak)
rCorr   .                        (no gloves)
Will    .....                    (no barding) Stlth
                                 (no amulet)
HPRegen 0.25/turn                (no ring)
MPRegen 0.08/turn                (no ring)

@: mighty, lethally poisoned (-4 -> -12)
A: large, rugged brown scales 3, deformed body, armoured tail, roll, long
tongue, awkward tongue
a: no special abilities


You were on level 4 of the Dungeon.
You visited 1 branch of the dungeon, and saw 4 of its levels.

You collected 165 gold pieces.

Inventory:

Hand Weapons
 a - a +0 long sword (weapon)
Armour
 b - a +0 scale mail (worn)
 c - a +0 buckler (worn)
Jewellery
 o - a ring of positive energy
 t - a +4 ring of protection
Scrolls
 h - 2 scrolls of vulnerability {unknown}
 i - 2 scrolls of fear {unknown}
 k - 2 scrolls of immolation {unknown}
 l - 2 scrolls of blinking {unknown}
 q - a scroll of silence {unknown}
 s - a scroll of amnesia {unknown}
Potions
 e - a potion of invisibility {unknown}
 f - 3 potions of mutation
 j - 2 potions of brilliance
 m - 2 potions of heal wounds
 n - a potion of ambrosia {unknown}
 p - 2 potions of curing {unknown}


   Skills:
 + Level 3.1 Fighting
 * Level 2.8 Long Blades
 + Level 4.2 Armour
 + Level 3.7 Shields


You had 2 spell levels left.
You didn't know any spells.
Your spell library was empty.

Dungeon Overview and Level Annotations

Branches:
Dungeon (4/15)
 Temple: D:4-7

Altars:

Annotations:
D:4 Edmund


Innate Abilities, Weirdness & Mutations

You are completely covered in rugged brown scales. (AC +3, +7% HP)
Armour fits poorly on your strangely shaped body.
You have a long armoured tail.
You roll when moving toward enemies. (Rampage)
Your long tongue fully drains potion bottles. (2x potion effects)
Your tongue gives you trouble enunciating. (1.5x scroll delay)


Message History

The javelin pierces through Edmund but does no damage.
Edmund is lightly wounded.
Edmund hits you but does no damage.
You throw a javelin. The javelin pierces through Edmund.
Edmund is moderately wounded.
Edmund hits you but does no damage.
You are poisoned.
Nothing quivered!
Nothing quivered!
Nothing quivered!
Nothing quivered!
You feel very mighty all of a sudden.
You slurp down every last drop of the potion of might!
You feel very sick.
Edmund hits you with a +5 flail of venom!
You are lethally poisoned!
You feel much better.
You slurp down every last drop of the potion of heal wounds!
You feel very sick. Edmund completely misses you.
You hit Edmund.
Your tail-slap misses Edmund.
Edmund is moderately wounded.
You feel very sick. You block Edmund's attack.
Edmund hits you with a +5 flail of venom!
You slash Edmund!
Edmund is heavily wounded.
You feel very sick. You block Edmund's attack.
You hit Edmund. You tail-slap Edmund!
Edmund is almost dead.
You feel very sick. Edmund hits you but does no damage.
You are lethally poisoned!
You closely miss Edmund.
Edmund is almost dead.
* * * LOW HITPOINT WARNING * * *
You feel very sick.
Edmund hits you with a +5 flail of venom!
You die...

#.######.#....####
#(# #.###.## #.#
#<# #.# #.#
######.# #.#
#......# #.#
##.##### #.# #.#
#@# #.# #@# #.#
#.# #.# #.# #.#
#.# #.# #.######.#
#........#
#####....# #.....#
##.##.#


You could see Edmund.

Vanquished Creatures
  2 adders (D:2)
  A dart slug (D:1)
  2 bats
  2 endoplasms (D:2)
  3 giant cockroaches
  2 hobgoblins
  7 quokkas
  6 ball pythons
  A frilled lizard (D:2)
  6 goblins
  6 kobolds
  7 rats
45 creatures vanquished.

Notes
Turn   | Place    | Note
-------+----------+-------------------------------------------
     0 | D:1      | retardedninja the Armataur Fighter began the quest for the
                  | Orb.
     0 | D:1      | Reached XP level 1. HP: 19/19 MP: 1/1
   140 | D:1      | Reached XP level 2. HP: 23/26 MP: 2/2
   639 | D:2      | Reached skill level 4 in Armour
   639 | D:2      | Reached XP level 3. HP: 23/32 MP: 3/3
  1146 | D:2      | Found a faded altar of an unknown god.
  2506 | D:4      | Noticed Edmund
  2517 | D:4      | Slain by Edmund

Illustrated notes

Levels and vault maps discovered:
D:1:      lightli_arrival_flooded_house, layout_basic, dk_noncrumbling_4
D:2:      layout_basic, hellmonk_ecumenical_altar_lost_god
D:3:      layout_basic
D:4:      layout_basic, kennysheep_generic_room_14, uniq_edmund, uniq_grinder

Skill      XL: |  1  2  3 |
---------------+----------+-----
Long Blades    | 2 |  2.8
Armour         | 4 |  4.2
Fighting       | 3 |  3.1
Shields        | |  3.7

Action                     || total
---------------------------++-------
  Melee: Long sword        ||   109
         Tailslap          ||    10
  Throw: Javelin           ||    28
    Use: Scroll            ||     3
         Potion            ||     2
 Armour: Scale mail        ||    72
  Dodge: Dodged            ||    37
  Block: Buckler           ||    22

Table legend: (Time is in decaauts)
 A = Elapsed time spent in this place.
 B = Non-inter-level travel time spent in this place.
 C = Inter-level travel time spent in this place.
 D = Time resting spent in this place.
 E = Time spent auto-exploring this place.
 F = Levels seen in this place.
 G = Mean time per level.
                   A        B        C        D        E       F      G
               +--------+--------+--------+--------+--------+-----+--------+
         Total |   2565 |   2421 |    144 |    234 |   1854 |   4 |  641.2 |
       Dungeon |   2565 |   2421 |    144 |    234 |   1854 |   4 |  641.2 |
               +--------+--------+--------+--------+--------+-----+--------+

Top non-repeatable levels by time:
     D:3: 1058 daAuts
     D:2: 809 daAuts
     D:1: 631 daAuts
     D:4: 66 daAuts
